 Dungeon Crawl Stone Soup version 0.29.1-1-gd02db6906a (webtiles) character file.

Game seed: 9067732264753190298

86 tardwrangler69 the Digger (level 4, 0/27 HPs)
             Began as an Octopode Earth Elementalist on Oct 5, 2022.
             Slain by a kobold
             ... wielding a +0 dagger
              (2 damage)
             ... on level 2 of the Dungeon.
             The game lasted 00:03:04 (1948 turns).

tardwrangler69 the Digger (OpEE)                    Turns: 1948, Time: 00:03:05

Health: 0/27       AC:  1    Str:  7    XL:     4   Next: 49%
Magic:  0/8        EV: 13    Int: 19    God:
Gold:   116        SH:  0    Dex: 12    Spells: 8/9 levels left

rFire   . . .      SeeInvis .   (no weapon)
rCold   . . .      Faith    .   (no shield)
rNeg    . . .      Spirit   .   (helmet restricted)
rPois   .          Reflect  .   (no amulet)
rElec   .          Harm     .   (no ring)
rCorr   .          Rampage  .   (no ring)
Will    .....                   (no ring)
Stlth   +++.......              (no ring)
HPRegen 0.09/turn               (no ring)
MPRegen 0.11/turn               (no ring)
                                (no ring)
                                (no ring)

@: no status effects
A: almost no armour, amphibious, 8 rings, camouflage 1, gelatinous body 1,
(nimble swimmer 1), tentacles
a: no special abilities


You were on level 2 of the Dungeon.
You visited 1 branch of the dungeon, and saw 3 of its levels.

You collected 116 gold pieces.

Inventory:

Hand Weapons
 f - the +6 whip of the King {protect, Fly rPois rN+ MP-9}
   (You found it on level 2 of the Dungeon)

   It grants its wielder temporary protection when it strikes (+7 to AC).
   rPois:     It protects you from poison.
   rN:        It protects you from negative energy.
   MP:        It affects your magic capacity (-9).
   Fly:       It grants you flight.
Scrolls
 b - a scroll of magic mapping {unknown}
 c - a scroll of blinking {unknown}
 d - a scroll of fear {unknown}
 e - a scroll of torment {unknown}
 g - a scroll of teleportation {unknown}
Potions
 a - a potion of magic
 h - a potion of brilliance {unknown}


   Skills:
 - Level 2.0 Dodging
 - Level 2.6 Stealth
 + Level 3.3 Spellcasting
 - Level 1.0 Transmutations
 + Level 4.2 Earth Magic


You had 8 spell levels left.
You knew the following spells:

 Your Spells              Type           Power      Damage    Failure   Level
a - Sandblast             Erth           38%        2d10      2%          1

Your spell library contained the following spells:

 Spells                   Type           Power      Damage    Failure   Level
 Passwall                 Tmut/Erth      10%        N/A       8%          2
 Magic Dart               Conj           12%        1d3       16%         1
 Stone Arrow              Conj/Erth      22%        3d8       19%         3
 Ensorcelled Hibernation  Hex/Ice        6%         N/A       22%         2
 Searing Ray              Conj           6%         2d4       22%         2
 Ozocubu's Armour         Ice            3%         N/A       41%         3
 Swiftness                Air            3%         N/A       41%         3
 Petrify                  Tmut/Erth      13%        N/A       45%         4
 Fulminant Prism          Conj/Hex       1%         3d6       83%         4
 Metabolic Englaciation   Hex/Ice        1%         N/A       99%         5
 Dispersal                Tloc           1%         N/A       100%        6
 Simulacrum               Ice/Necr       1%         N/A       100%        6
 Disjunction              Tloc           1%         N/A       100%        8


Dungeon Overview and Level Annotations

Branches:
Dungeon (3/15)

Altars:


Innate Abilities, Weirdness & Mutations

You cannot wear most types of armour.
You are amphibious.
You can wear up to eight rings at the same time.
Your skin changes colour to match your surroundings (Stealth+).
Your rubbery body absorbs attacks. (AC +1, EV +1)
((You are camouflaged when in or above water. (Stealth+)))
You have tentacles for arms and can constrict up to eight enemies at once.


Message History

Press: ? - help, Shift-Dir - straight line, f - kobold
Aim: a kobold, wielding a +0 dagger (77% to hit)
The blast of sand hits the kobold.
The kobold is heavily wounded.
The kobold hits you with a +0 dagger.
* * * LOW HITPOINT WARNING * * *
The dart slug launches a dart at you. The slug dart hits you.
* * * LOW HITPOINT WARNING * * *
The kobold barely misses you.
Casting: Sandblast (safe; 2% risk of failure)
Confirm with . or Enter, or press ? or * to list all spells.
You don't have enough magic to cast this spell.
The kobold hits you with a +0 dagger.
* * * LOW HITPOINT WARNING * * *
You climb upwards.
There is a stone staircase leading down here.
Casting: Sandblast (safe; 2% risk of failure)
Confirm with . or Enter, or press ? or * to list all spells.
You don't have enough magic to cast this spell.
Casting: Sandblast (safe; 2% risk of failure)
Confirm with . or Enter, or press ? or * to list all spells.
You don't have enough magic to cast this spell.
Really attack while wielding nothing? [Y]es or [N]o only, please.
Really attack while wielding nothing? [Y]es or [N]o only, please.
Really attack while wielding nothing?
Okay, then.
Really attack while wielding nothing? [Y]es or [N]o only, please.
Really attack while wielding nothing?
Okay, then.
Unknown command.
Really attack while wielding nothing?
You tentacle-slap the kobold. You grab the kobold.
You squeeze the kobold, but do no damage.
The kobold is heavily wounded.
You constrict the kobold. The kobold hits you with a +0 dagger.
You die...

...#......#
#.##########
...#......# #.#
...#......# #.#
####......# #.#
####......# #.#
.....#'######## #.#
####.#.# #....# #.#
####.#.###....#### #.#
..............'K@# #.#
#....#####....#### #.#
#....#####....######.#
#........'....'......#
#...######....########
....................#
##..###############.#
##'###.........#..#.#
†...##.#######.#..#)#


You could see a kobold.

Vanquished Creatures
  3 adders (D:2)
  2 worms (D:2)
  3 ball pythons
  2 endoplasms (D:2)
  3 giant cockroaches
  3 goblins
  6 hobgoblins
  6 jackals (D:2)
  5 kobolds
  A quokka (D:1)
  4 bats
  7 frilled lizards (D:1)
  5 rats
50 creatures vanquished.

Notes
Turn   | Place    | Note
-------+----------+-------------------------------------------
     0 | D:1      | tardwrangler69 the Octopode Earth Elementalist began the
                  | quest for the Orb.
     0 | D:1      | Reached XP level 1. HP: 11/11 MP: 3/3
   228 | D:1      | Reached XP level 2. HP: 17/17 MP: 1/5
  1259 | D:2      | Reached XP level 3. HP: 21/21 MP: 4/6
  1294 | D:2      | Identified the +6 whip of the King {protect, Fly rPois rN+
                  | MP-9}
  1576 | D:2      | Reached skill level 4 in Earth Magic
  1576 | D:2      | Reached XP level 4. HP: 27/27 MP: 5/8
  1948 | D:2      | Slain by a kobold

Illustrated notes

Levels and vault maps discovered:
D:1:      minmay_arrival_stair_chambers, layout_loops_corners
D:2:      layout_basic
D:3:      layout_rooms, nicolae_hepliaklqana_ecumenical_no_more,
          hellmonk_ecumenical_altar_defaced_shrine, uniq_crazy_yiuf_cottage

Skill      XL: |  1  2  3 |
---------------+----------+-----
Spellcasting   | 3 |  3.3
Earth Magic    | 4 |  4.2
Dodging        | |  2.0
Stealth        | |  2.6
Transmutations | |  1.0

Action                   |  1- 3 |  4- 6 || total
-------------------------+-------+-------++-------
Melee: Unarmed           |     1 |     1 ||     2
       Constrict         |       |     1 ||     1
       Tentacles         |       |     1 ||     1
 Cast: Sandblast         |    47 |    21 ||    68
Armor: Skin              |     1 |       ||     1
Dodge: Dodged            |    11 |     6 ||    17
